 Dungeon Crawl Stone Soup version 0.28-a0-1241-gf280a0fbb2 (webtiles) character file.

Game seed: 6116755257054063199

87 Conn the Firebug (level 4, -2/40 HPs)
             Began as an Octopode Fire Elementalist on Dec 26, 2021.
             Shot with an arrow by a centaur (7 damage)
             ... on level 4 of the Dungeon.
             The game lasted 00:03:13 (3186 turns).

Conn the Firebug (Octopode Fire Elementalist)       Turns: 3186, Time: 00:03:14

Health: -2/40      AC:  1    Str:  7    XL:     4   Next: 51%
Magic:  1/7        EV: 13    Int: 19    God:
Gold:   105        SH:  0    Dex: 12    Spells: 7/8 levels left

rFire   . . .      SeeInvis .   a - +0 dagger
rCold   . . .      Faith    .   (no shield)
rNeg    . . .      Spirit   .   (helmet restricted)
rPois   .          Reflect  .   (no amulet)
rElec   .          Harm     .   (no ring)
rCorr   .          Rampage  .   (no ring)
Will    .....                   (no ring)
Stlth   ..........              (no ring)
HPRegen 0.13/turn               (no ring)
MPRegen 0.10/turn               (no ring)
                                (no ring)
                                (no ring)

@: berserking, flying, very quick
A: almost no armour, amphibious, 8 rings, camouflage 1, gelatinous body 1,
(nimble swimmer 1), tentacles
a: no special abilities


You were on level 4 of the Dungeon.
You visited 1 branch of the dungeon, and saw 4 of its levels.

You collected 105 gold pieces.

Inventory:

Hand Weapons
 a - a +0 dagger (weapon)
Missiles
 j - 11 poisoned darts (quivered)
Scrolls
 b - a scroll of acquirement {unknown}
 c - 3 scrolls of identify {unknown}
 f - a scroll of blinking {unknown}
 i - 3 scrolls of silence {unknown}
 k - a scroll of noise {unknown}
 l - a scroll of magic mapping {unknown}
 m - a scroll of enchant weapon {unknown}
Potions
 g - a potion of heal wounds {unknown}
 h - a potion of attraction {unknown}
 n - a potion of cancellation {unknown}


   Skills:
 + Level 0.5 Short Blades
 + Level 2.2 Dodging
 + Level 3.7 Stealth
 + Level 2.5 Spellcasting
 + Level 1.6 Conjurations
 + Level 3.8 Fire Magic


You had 7 spell levels left.
You knew the following spells:

 Your Spells              Type           Power      Damage    Failure   Level
a - Foxfire               Conj/Fire      48%        2x1d6     5%          1

Your spell library contained the following spells:

 Spells                   Type           Power      Damage    Failure   Level
 Scorch                   Fire           34%        2d6       4%          2
 Shock                    Conj/Air       20%        1d4       12%         1
 Conjure Flame            Conj/Fire      12%        6-21      16%         3
 Inner Flame              Hex/Fire       9%         N/A       22%         3
 Flame Wave               Conj/Fire      12%        2d5       45%         4


Dungeon Overview and Level Annotations

Branches:
Dungeon (4/15)
 Temple: D:4-7

Altars:
Elyvilon


Innate Abilities, Weirdness & Mutations

You cannot wear most types of armour.
You are amphibious.
You can wear up to eight rings at the same time.
Your skin changes colour to match your surroundings (Stealth+).
Your rubbery body absorbs attacks. (AC +1, EV +1)
((You are camouflaged when in or above water. (Stealth+)))
You have tentacles for arms and can constrict up to eight enemies at once.


Message History

You are very lightly contaminated with residual magic.
Nothing appears to happen.
Your foxfire dissipates!
The foxfire hits the centaur zombie.
The centaur zombie is almost destroyed.
The centaur zombie barely misses you. The centaur zombie kicks you.
* * * LOW HITPOINT WARNING * * *
The foxfire hits the centaur zombie but does no damage.
The centaur zombie is almost destroyed.
Unknown command.
Unknown command.
Unknown command.
Throw: throwing net
Press: ? - help, Q - select action, (/) - cycle Shift-Dir - straight line, f - centaur zombie
Aim: a centaur zombie (wisps of flame, almost destroyed, 89% to hit)
You throw a throwing net.
The throwing net hits the centaur zombie.
The centaur zombie is caught in the net!
The centaur zombie is almost destroyed.
The centaur zombie struggles against the net. x2
The centaur zombie struggles against the net.
The centaur zombie struggles against the net.
The centaur zombie struggles against the net.
The net rips apart, and the centaur zombie comes free!
Your magical contamination has completely faded away.
There is a stone staircase leading down here.
The centaur zombie hits you but does no damage.
The centaur zombie closely misses you.
You climb downwards.
The centaur shouts!
There is a stone staircase leading up here.
It was a potion of flight.
You feel very buoyant.
You fly up into the air.
The centaur wields a +0 shortbow.
The centaur shoots an arrow.
The arrow barely misses you.
It was a potion of berserk rage.
A red film seems to cover your vision as you go berserk!
You feel yourself moving faster!
You feel mighty!
The centaur shoots an arrow.
The arrow hits you!
You die...

########..
#@<.......
#........#
#......###
#.....##
.....##
.......
........
.c.......#


You could see a centaur.

Vanquished Creatures
  4 adders
  A worm (D:2)
  3 ball pythons (D:1)
  6 bats
  4 endoplasms
  2 giant cockroaches
  7 goblins
  3 hobgoblins
  5 quokkas
  7 frilled lizards
  2 kobolds
  A rat (D:2)
45 creatures vanquished.

Vanquished Creatures (collateral kills)
  4 foxfires (D:3)
4 creatures vanquished.

Vanquished Creatures (others)
  141 foxfires
141 creatures vanquished.

Grand Total: 190 creatures vanquished

Notes
Turn   | Place    | Note
-------+----------+-------------------------------------------
     0 | D:1      | Conn the Octopode Fire Elementalist began the quest for the
                  | Orb.
     0 | D:1      | Reached XP level 1. HP: 11/11 MP: 3/3
   306 | D:1      | Reached XP level 2. HP: 17/17 MP: 0/5
  1428 | D:1      | Reached XP level 3. HP: 21/21 MP: 6/6
  2143 | D:2      | Reached XP level 4. HP: 27/27 MP: 0/7
  2360 | D:2      | Found a faded altar of an unknown god.
  2409 | D:2      | Got Plato's Almanac of Lightness
  2877 | D:3      | Found a white marble altar of Elyvilon.
  3169 | D:3      | HP: 1/27 [centaur zombie (2)]
  3183 | D:4      | Noticed a centaur
  3186 | D:4      | Shot with an arrow by a centaur

Illustrated notes

Levels and vault maps discovered:
D:1:      saegor_arrival_simple_d, layout_loops_corners
D:2:      layout_rooms, serial_corexii_hall, corexii_hall_statues_x,
          corexii_hall_statues_x, shapermc_ecumenical_altar_rom_forum,
          skrybe_limestone_x
D:3:      minmay_door_path, layout_loops_ring,
          grunt_temple_overflow_lords_of_destruction,
          mainiacjoe_overflow_chevrons
D:4:      minmay_goblin_kobold_castle, layout_rooms

Skill      XL: |  1  2 |
---------------+-------+-----
Stealth        | 3 |  3.7
Short Blades   | |  0.5
Dodging        | |  2.2
Spellcasting   | |  2.5
Conjurations   | |  1.6
Fire Magic     | |  3.8

Action                   |  1- 3 |  4- 6 || total
-------------------------+-------+-------++-------
Melee: Dagger            |    24 |    11 ||    35
       Constrict         |     4 |     1 ||     5
       Tentacles         |     1 |     2 ||     3
Throw: Throwing net      |       |     1 ||     1
 Cast: Foxfire           |    56 |    28 ||    84
  Use: Potion            |       |     2 ||     2
 Stab: Sleeping          |     8 |     2 ||    10
Armor: Skin              |       |     7 ||     7
Dodge: Dodged            |    12 |    24 ||    36

Table legend: (Time is in decaauts)
 A = Elapsed time spent in this place.
 B = Non-inter-level travel time spent in this place.
 C = Inter-level travel time spent in this place.
 D = Time resting spent in this place.
 E = Time spent auto-exploring this place.
 F = Levels seen in this place.
 G = Mean time per level.
                   A        B        C        D        E       F      G
               +--------+--------+--------+--------+--------+-----+--------+
         Total |   3184 |   3102 |     82 |      0 |   2630 |   4 |  796.0 |
       Dungeon |   3184 |   3102 |     82 |      0 |   2630 |   4 |  796.0 |
               +--------+--------+--------+--------+--------+-----+--------+

Top non-repeatable levels by time:
     D:1: 1618 daAuts
     D:2: 1243 daAuts
     D:3: 319 daAuts
     D:4: 2 daAuts
